 Dungeon Crawl Stone Soup version 0.27-a0-998-g4cfe56dd59 (webtiles) character file.

Game seed: 7607782534779377598

93 harryhousin the Sneak (level 4, -10/38 HPs)
             Began as a Gnoll Wanderer on Apr 16, 2021.
             Mangled by Sigmund
             ... wielding a +0 scythe
              (12 damage)
             ... on level 2 of the Dungeon.
             The game lasted 00:06:58 (2395 turns).

harryhousin the Sneak (Gnoll Wanderer)              Turns: 2395, Time: 00:06:59

Health: -10/38     AC:  2    Str: 11    XL:     4   Next: 62%
Magic:  5/5        EV: 12    Int: 11    God:
Gold:   75         SH:  0    Dex: 13    Spells: 5/5 levels left

rFire    . . .     SeeInvis .   a - +2 falchion
rCold    . . .     Faith    .   (no shield)
rNeg     . . .     Spirit   .   e - +0 robe
rPois    .         Reflect  .   (no helmet)
rElec    .         Harm     .   (no cloak)
rCorr    .         Rampage  .   (no gloves)
Will     .....                  (no boots)
Stlth    +++.......             (no amulet)
HPRegen  0.12/turn              (no ring)
MPRegen  0.09/turn              (no ring)

@: mighty
A: fangs 1, strong nose, distributed training
a: no special abilities


You were on level 2 of the Dungeon.
You visited 1 branch of the dungeon, and saw 2 of its levels.

You collected 75 gold pieces.

Inventory:

Hand Weapons
 a - a +2 falchion (weapon)
 d - a +0 dagger
Missiles
 c - 3 poisoned darts (quivered)
Armour
 e - a +0 robe (worn)
Jewellery
 j - a ring of wizardry
 k - a ring of flight
Scrolls
 g - 5 scrolls of identify {unknown}
 h - a scroll of magic mapping {unknown}
 l - a scroll of enchant weapon {unknown}
Potions
 b - a potion of lignification
 f - a potion of haste {unknown}
 m - a potion of invisibility {unknown}
 n - a potion of heal wounds {unknown}


   Skills:
 + Level 4.6 Fighting
 + Level 1.2 Short Blades
 + Level 2.8 Long Blades
 + Level 1.2 Axes
 + Level 1.2 Maces & Flails
 + Level 1.2 Polearms
 + Level 1.2 Staves
 + Level 1.2 Slings
 + Level 1.2 Bows
 + Level 1.2 Crossbows
 + Level 2.8 Throwing
 + Level 4.6 Armour
 + Level 2.8 Dodging
 + Level 6.0 Stealth
 + Level 1.2 Shields
 + Level 1.2 Unarmed Combat
 + Level 1.2 Spellcasting
 + Level 1.0 Conjurations
 + Level 1.0 Hexes
 + Level 1.0 Summonings
 + Level 1.0 Necromancy
 + Level 1.0 Translocations
 + Level 1.0 Transmutations
 + Level 1.0 Fire Magic
 + Level 1.0 Ice Magic
 + Level 1.0 Air Magic
 + Level 1.0 Earth Magic
 + Level 1.0 Poison Magic
 + Level 1.3 Invocations
 + Level 1.2 Evocations


You had 5 spell levels left.
You didn't know any spells.
Your spell library was empty.

Dungeon Overview and Level Annotations

Branches:
Dungeon (2/15)

Altars:
Ashenzari

Annotations:
D:2 Sigmund


Innate Abilities, Weirdness & Mutations

You have very sharp teeth.
Your uncanny sense of smell can sniff out nearby items.
Your experience applies equally to all skills.


Message History

You are poisoned.
The adder poisons you!
You slash the adder!
The adder is severely wounded.
You feel sick.
Sigmund points at himself and mumbles some strange words.
Sigmund flickers and vanishes!
Deactivating autopickup; reactivate with Ctrl-A.
The adder bites you.
You barely miss the adder.
The adder is severely wounded.
You feel sick. Something hits you! The adder barely misses you.
You riposte.
You miss the adder. Your bite misses the adder.
The adder is almost dead.
Something hits you!
* * * LOW HITPOINT WARNING * * *
You feel sick.
You kill the adder!
Your Conjurations skill increases to level 1!
Your Hexes skill increases to level 1!
Your Summonings skill increases to level 1!
Your Necromancy skill increases to level 1!
Your Translocations skill increases to level 1!
Your Transmutations skill increases to level 1!
Your Fire Magic skill increases to level 1!
Your Ice Magic skill increases to level 1!
Your Air Magic skill increases to level 1!
Your Earth Magic skill increases to level 1!
Your Poison Magic skill increases to level 1!
You feel sick.
Found a dagger.
It was a potion of might.
You feel very mighty all of a sudden.
You feel sick.
You slash the rat!
You kill the rat!
You feel sick.
You are no longer poisoned.
Something hits you!
You die...

.....##.....##.#####
.....##.....##.....####
.....##########........
.....# #.##+#### .....#
#.......# ###### #
#.......# #. #.......##
#.. #........) #...
#.@.....#
.#....##.......#
....(.(........#
.#....###......# #...
#......# #.. ########
##


There were no monsters in sight!

Vanquished Creatures
  Jessica (D:2)
  An adder (D:2)
  A worm (D:2)
  A dart slug (D:1)
  6 endoplasms
  A giant cockroach (D:1)
  5 goblins
  6 hobgoblins
  4 jackals (D:1)
  4 kobolds (D:2)
  2 quokkas
  5 ball pythons
  5 bats
  A frilled lizard (D:1)
  9 rats
52 creatures vanquished.

Notes
Turn   | Place    | Note
-------+----------+-------------------------------------------
     0 | D:1      | harryhousin the Gnoll Wanderer began the quest for the Orb.
     0 | D:1      | harryhousin set off with the following items: a +2
                  | falchion, a potion of lignification, 7 poisoned darts, a +0
                  | dagger, a +0 robe
     0 | D:1      | Reached XP level 1. HP: 20/20 MP: 1/1
   162 | D:1      | Reached XP level 2. HP: 10/26 MP: 2/2
  1181 | D:1      | Reached XP level 3. HP: 24/31 MP: 3/3
  1407 | D:1      | Reached skill level 6 in Stealth
  1806 | D:1      | Found a faded altar of an unknown god.
  1836 | D:2      | Reached skill level 1 in Invocations
  1837 | D:2      | Noticed Jessica
  1844 | D:2      | Killed Jessica
  1845 | D:2      | Reached skill level 1 in Short Blades
  1845 | D:2      | Reached skill level 1 in Axes
  1845 | D:2      | Reached skill level 1 in Maces & Flails
  1845 | D:2      | Reached skill level 1 in Polearms
  1845 | D:2      | Reached skill level 1 in Staves
  1845 | D:2      | Reached skill level 1 in Slings
  1845 | D:2      | Reached skill level 1 in Bows
  1845 | D:2      | Reached skill level 1 in Crossbows
  1845 | D:2      | Reached skill level 1 in Shields
  1845 | D:2      | Reached skill level 1 in Unarmed Combat
  1845 | D:2      | Reached skill level 1 in Spellcasting
  1845 | D:2      | Reached skill level 1 in Evocations
  1845 | D:2      | Reached XP level 4. HP: 24/38 MP: 5/5
  2261 | D:2      | Found a broken altar of Ashenzari.
  2386 | D:2      | Noticed Sigmund
  2393 | D:2      | Reached skill level 1 in Conjurations
  2393 | D:2      | Reached skill level 1 in Hexes
  2393 | D:2      | Reached skill level 1 in Summonings
  2393 | D:2      | Reached skill level 1 in Necromancy
  2393 | D:2      | Reached skill level 1 in Translocations
  2393 | D:2      | Reached skill level 1 in Transmutations
  2393 | D:2      | Reached skill level 1 in Fire Magic
  2393 | D:2      | Reached skill level 1 in Ice Magic
  2393 | D:2      | Reached skill level 1 in Air Magic
  2393 | D:2      | Reached skill level 1 in Earth Magic
  2393 | D:2      | Reached skill level 1 in Poison Magic
  2395 | D:2      | Mangled by Sigmund

Illustrated notes

Levels and vault maps discovered:
D:1:      dpeg_arrival_ratfight, layout_loops_corners,
          shapermc_ecumenical_altar_mp_urbaneastern
D:2:      layout_basic, basic_altar, minmay_joined_circles, uniq_jessica,
          uniq_sigmund, uniq_terence

Skill      XL: |  1  2  3  4 |
---------------+-------------+-----
Stealth        | 6 |  6.0
Invocations    | 1 |  1.3
Short Blades   | 1 |  1.2
Axes           | 1 |  1.2
Maces & Flails | 1 |  1.2
Polearms       | 1 |  1.2
Staves         | 1 |  1.2
Slings         | 1 |  1.2
Bows           | 1 |  1.2
Crossbows      | 1 |  1.2
Shields        | 1 |  1.2
Unarmed Combat | 1 |  1.2
Spellcasting   | 1 |  1.2
Evocations     | 1 |  1.2
Conjurations   | 1 |  1.0
Hexes          | 1 |  1.0
Summonings     | 1 |  1.0
Necromancy     | 1 |  1.0
Translocations | 1 |  1.0
Transmutations | 1 |  1.0
Fire Magic     | 1 |  1.0
Ice Magic      | 1 |  1.0
Air Magic      | 1 |  1.0
Earth Magic    | 1 |  1.0
Poison Magic   | 1 |  1.0
Fighting       | |  4.6
Long Blades    | |  2.8
Throwing       | |  2.8
Armour         | |  4.6
Dodging        | |  2.8

Action                   |  1- 3 |  4- 6 || total
-------------------------+-------+-------++-------
Melee: Falchion          |    77 |    36 ||   113
       Bite              |     3 |     2 ||     5
Throw: Dart              |    10 |     8 ||    18
  Use: Potion            |       |     1 ||     1
 Stab: Sleeping          |    13 |     2 ||    15
Armor: Robe              |     6 |     5 ||    11
Dodge: Dodged            |    40 |    26 ||    66
       Rpst.: Falchion   |     5 |     8 ||    13

Table legend: (Time is in decaauts)
 A = Elapsed time spent in this place.
 B = Non-inter-level travel time spent in this place.
 C = Inter-level travel time spent in this place.
 D = Time resting spent in this place.
 E = Time spent auto-exploring this place.
 F = Levels seen in this place.
 G = Mean time per level.
                   A        B        C        D        E       F      G
               +--------+--------+--------+--------+--------+-----+--------+
         Total |   2412 |   2395 |     17 |    938 |    944 |   2 | 1206.0 |
       Dungeon |   2412 |   2395 |     17 |    938 |    944 |   2 | 1206.0 |
               +--------+--------+--------+--------+--------+-----+--------+

Top non-repeatable levels by time:
     D:1: 1837 daAuts
     D:2: 575 daAuts
